 Dungeon Crawl Stone Soup version 0.29.0-7-g18a832c13a (webtiles) character file.

Game seed: 2424413359460171593

1201 slphil the Magician (level 8, 0/63 HPs)
             Began as a Mummy Necromancer on Aug 31, 2022.
             Was an Initiate of Kikubaaqudgha.
             Slain by a steam dragon (6 damage)
             ... on level 9 of the Dungeon.
             The game lasted 00:09:12 (7156 turns).

slphil the Magician (Mummy Necromancer)             Turns: 7156, Time: 00:09:13

Health: 0/63       AC:  8    Str: 12    XL:     8   Next: 21%
Magic:  16/18      EV: 12    Int: 16    God:    Kikubaaqudgha [......]
Gold:   347        SH:  0    Dex: 12    Spells: 8/21 levels left

rFire   x . .      SeeInvis .   o - +0 dagger (freeze)
rCold   + . .      Faith    .   (no shield)
rNeg    + + +      Spirit   .   a - +0 robe
rPois   ∞          Reflect  .   l - +2 helmet
rElec   .          Harm     .   r - +1 cloak
rCorr   .          Rampage  .   h - +0 pair of gloves
Will    +....                   (no boots)
Stlth   ++........              (no amulet)
HPRegen 0.20/turn               t - ring of wizardry
MPRegen 0.16/turn               (no ring)

@: no status effects
A: cold resistance 1, negative energy resistance 3, torment resistance 2, heat
vulnerability 1, in touch with death 1, no potions
a: Renounce Religion


You were on level 9 of the Dungeon.
You worshipped Kikubaaqudgha.
Kikubaaqudgha was noncommittal.
You visited 2 branches of the dungeon, and saw 9 of its levels.

You collected 347 gold pieces.

Inventory:

Hand Weapons
 d - a +0 short sword
 o - a +0 dagger of freezing (weapon)
Armour
 a - a +0 robe (worn)
 h - a +0 pair of gloves (worn)
 l - a +2 helmet (worn)
 r - a +1 cloak (worn)
Jewellery
 t - a ring of wizardry (left hand)
Wands
 j - a wand of paralysis (2)
 u - a wand of digging (5)
 v - a wand of quicksilver (6)
Scrolls
 b - 2 scrolls of butterflies
 c - a scroll of acquirement {unknown}
 e - a scroll of poison
 f - 2 scrolls of blinking
 g - a scroll of immolation
 i - a scroll of fear {unknown}
 k - 4 scrolls of magic mapping
 m - a scroll of summoning {unknown}
 n - a scroll of enchant armour {unknown}
 p - 2 scrolls of teleportation {unknown}
 q - 2 scrolls of noise {unknown}
 s - 2 scrolls of identify


   Skills:
 + Level 5.5 Fighting
 - Level 1.5 Dodging
 - Level 1.5 Stealth
 + Level 7.3 Spellcasting
 + Level 6.9 Necromancy


You had 8 spell levels left.
You knew the following spells:

 Your Spells              Type           Power      Damage    Failure   Level
a - Necrotise             Necr           100%       1d9       1%          1
b - Vampiric Draining     Necr           42%        2d9       1%          3
c - Animate Dead          Necr           42%        N/A       2%          4
d - Agony                 Necr           42%        N/A       8%          5

Your spell library contained the following spells:

 Spells                   Type           Power      Damage    Failure   Level
 Gell's Gravitas          Tloc           5%         N/A       16%         3
 Lesser Beckoning         Tloc           5%         N/A       16%         3
 Teleport Other           Tloc           5%         N/A       16%         3


Dungeon Overview and Level Annotations

Branches:
Dungeon (9/15)             Temple (1/1) D:6
   Lair: D:8-11         Orc: D:9-12

Altars:
Cheibriados
Dithmenos
Fedhas
Gozag
Hepliaklqana
Kikubaaqudgha
Makhleb
Nemelex Xobeh
Qazlal
Sif Muna
Uskayaw
Vehumet
Xom
Yredelemnul


Innate Abilities, Weirdness & Mutations

You are immune to poison.
Your flesh is cold resistant. (rC+)
You are immune to negative energy. (rN+++)
You are immune to unholy pain and torment.
You are vulnerable to heat. (rF-)
You are in touch with the powers of death.
You do not drink.


Message History

The kobold hits you with a +0 short sword.
You see here a +0 club.
You feel a surge of power!
The kobold writhes in agony.
You kill the kobold!
Kikubaaqudgha accepts your kill.
The dead are walking!
The kobold closely misses your kobold skeleton.
You swap places.
The kobold hits you but does no damage.
You see here a +0 short sword.
You feel a surge of power!
The kobold writhes in agony.
You kill the kobold!
Kikubaaqudgha accepts your kill.
The dead are walking!
Your kobold brigand skeleton crumbles into dust!
Your kobold skeleton crumbles into dust!
Your kobold skeleton crumbles into dust!
Your kobold skeleton crumbles into dust!
Your kobold skeleton crumbles into dust!
Your kobold skeleton crumbles into dust!
Things that are here:
a +0 club; 3 stones
Found an escape hatch in the ceiling.
A steam dragon comes into view.
The steam dragon hisses angrily.
You can't see any susceptible monsters within range! (Use Z to cast anyway.)
The steam dragon breathes steam at you. The ball of steam hits you!!
The steam scalds you terribly!
You are engulfed in a cloud of scalding steam.
You feel a surge of power!
The steam dragon writhes in agony.
You feel a surge of power!
The steam dragon writhes in agony.
The steam dragon breathes steam at you. The ball of steam hits you!!
The steam scalds you terribly!
* * * LOW HITPOINT WARNING * * *
You are engulfed in a cloud of scalding steam.
* * * LOW HITPOINT WARNING * * *
You are engulfed in a cloud of scalding steam.
* * * LOW HITPOINT WARNING * * *
The steam dragon bites you.
You die...
Kikubaaqudgha rasps: "You have failed me!
Welcome... oblivion!"

#...########
#...........
.#.#...########
..............#
...##########.#
....§.§..#.##.#
..D#####.#....#
#D#.#### #@#.#
#§#.# #§#.#
#§#.# #§#.#
#.#.# #.#.#
######.#.#
#).....#.#


You could see a steam dragon (catching breath).

Vanquished Creatures
  A wyvern (D:9)
  A water moccasin (D:6)
  An orc warrior (D:9)
  An ice beast (D:6)
  A kobold brigand (D:9)
  A necrophage (D:6)
  3 scorpions
  4 jellies
  2 hounds
  Jessica (D:3)
  3 iguanas
  Robin (D:3)
  2 gnolls (D:4)
  3 adders
  2 worms
  A dart slug (D:1)
  4 orcs
  7 ball pythons
  2 endoplasms
  3 giant cockroaches
  12 goblins
  12 hobgoblins
  3 jackals (D:1)
  5 quokkas
  5 bats
  6 frilled lizards
  13 kobolds
  4 rats
104 creatures vanquished.

Vanquished Creatures (collateral kills)
  A gnoll (D:4)
  2 orcs (D:9)
  A goblin (D:1)
  A frilled lizard (D:1)
  A rat (D:1)
6 creatures vanquished.

Vanquished Creatures (others)
  9 withered plants (D:7)
9 creatures vanquished.

Grand Total: 119 creatures vanquished

Notes
Turn   | Place    | Note
-------+----------+-------------------------------------------
     0 | D:1      | slphil the Mummy Necromancer began the quest for the Orb.
     0 | D:1      | Reached XP level 1. HP: 13/13 MP: 4/4
   126 | D:1      | Reached skill level 3 in Spellcasting
   414 | D:1      | Reached XP level 2. HP: 10/20 MP: 4/6
   634 | D:1      | Reached skill level 1 in Fighting
  1026 | D:1      | Gained mutation: You are in touch with the powers of death.
                  | [Mummy growth]
  1026 | D:1      | Reached XP level 3. HP: 26/26 MP: 3/7
  1952 | D:2      | Reached XP level 4. HP: 33/33 MP: 6/9
  2487 | D:3      | Learned a level 3 spell: Vampiric Draining
  2492 | D:3      | Learned a level 4 spell: Animate Dead
  2548 | D:3      | Noticed Jessica
  2557 | D:3      | Killed Jessica
  2558 | D:3      | Reached skill level 4 in Spellcasting
  2846 | D:3      | Found a snail-covered altar of Cheibriados.
  2965 | D:3      | Reached XP level 5. HP: 39/39 MP: 9/11
  3287 | D:3      | Noticed Robin
  3297 | D:3      | Killed Robin
  3308 | D:3      | Reached skill level 5 in Necromancy
  3551 | D:3      | Found a sparkling altar of Nemelex Xobeh.
  3560 | D:3      | Found a shimmering altar of Xom.
  3765 | D:4      | Noticed a phantom
  3902 | D:4      | Found a blossoming altar of Fedhas.
  4014 | D:4      | Found a shimmering blue altar of Sif Muna.
  4035 | D:4      | Reached skill level 5 in Spellcasting
  4035 | D:4      | Reached XP level 6. HP: 47/47 MP: 8/13
  4385 | D:4      | Found a hide-covered altar of Uskayaw.
  4465 | D:4      | Found an opulent altar of Gozag.
  4512 | D:4      | Found a shadowy altar of Dithmenos.
  4679 | D:5      | Entered Level 5 of the Dungeon
  5321 | D:5      | Reached XP level 7. HP: 54/54 MP: 11/15
  5553 | D:6      | Reached skill level 6 in Spellcasting
  5620 | D:6      | Found a staircase to the Ecumenical Temple.
  5628 | Temple   | Entered the Ecumenical Temple
  5729 | Temple   | Became a worshipper of Kikubaaqudgha
  5861 | D:6      | Learned a level 5 spell: Agony
  5968 | D:6      | Identified the +0 scale mail of Absence {SInv}
  6871 | D:7      | Noticed a wraith
  6881 | D:7      | You fall into a shaft and drop 2 floors!
  6889 | D:9      | Noticed a wyvern
  6894 | D:9      | Killed a wyvern
  6895 | D:9      | Reached skill level 5 in Fighting
  6895 | D:9      | Reached XP level 8. HP: 50/62 MP: 11/18
  6904 | D:9      | Reached skill level 7 in Spellcasting
  7156 | D:9      | Slain by a steam dragon

Illustrated notes

Levels and vault maps discovered:
D:1:      lightli_arrival_isolated_outpost, layout_loops_ring, st_stairs_9
D:2:      layout_loops_ring, minmay_circle_x
D:3:      layout_basic, gammafunk_temple_overflow_statue,
          mainiacjoe_overflow_tiny_flanked, minmay_ruptured, uniq_jessica,
          uniq_robin
D:4:      layout_loops_ring, grunt_dithmenos_smoke,
          mainiacjoe_overflow_24_doors, mainiacjoe_overflow_alcove_1,
          mainiacjoe_overflow_brackets, fedhas_altar_4
D:5:      layout_loops_cross, uniq_pikel
D:6:      layout_basic, nicolae_tso_swordbearing_angel, minmay_temple_entry_mist
D:7:      layout_basic, okawaru_humans, trog_ov_bears_minmay,
          evilmike_ruin_ashenzari, minmay_misc_feat_enclosed,
          dilly_guarded_unrand_morg, uniq_maggie, uniq_duvessa
D:9:      layout_basic, mainiacjoe_overflow_small_starburst
Temple:   hellmonk_temple_beads

Skill      XL: |  1  2  3  4  5  6  7  8 |
---------------+-------------------------+-----
Spellcasting   | 3 4 5 6 7 |  7.3
Fighting       | 1 2 3 4 5 |  5.5
Necromancy     | 5 6 |  6.9
Dodging        | |  1.5
Stealth        | |  1.5

Action                   |  1- 3 |  4- 6 |  7- 9 || total
-------------------------+-------+-------+-------++-------
Melee: Short sword       |    26 |     5 |       ||    31
       Dagger            |       |     5 |    10 ||    15
 Cast: Necrotise         |    71 |   103 |    54 ||   228
       Vampiric Draining |       |     1 |       ||     1
Evoke: Wand              |       |     3 |     3 ||     6
  Use: Scroll            |       |     5 |       ||     5
 Stab: Paralysed         |       |     5 |     4 ||     9
       Sleeping          |       |       |     1 ||     1
Armor: Robe              |     8 |     8 |    11 ||    27
Dodge: Dodged            |    23 |    18 |    20 ||    61
